AoeStats
← DisorderWess

African Clearing

504936879Analyzed
4v4 RM · 25d ago on Sep 7, 2026· 77m 36s· 8 players
Game mode
Random Map
Map size
Large (8 player)
Population
200
Speed
Normal
Resources
Standard
Victory
Conquest
Starting age
Dark Age
Ending age
Imperial Age
RankedLock teamsTeams togetherTeam positionsShared explorationLock speedFull tech treeHidden civsTurbo modeCheats
Victory
Defeat
🇦🇷 Franks · Argentina
875
+17
🇵🇪 Khmer · Peru
860
+17
🇵🇪 Vikings · Peru
840
+18
🇺🇸 Wei · United States
814
+20
🇲🇽 Huns · Mexico
931
-19
🇲🇽 Sicilians · Mexico
913
-19
🇲🇽 Malians · Mexico
890
-18
🇲🇽 Italians · Mexico
833
-16
Animaxi
5:33 Loom
13:51 Feudal Age
15:22 Wheelbarrow
16:56 Double-Bit Axe
19:52 Forging
20:51 Scale Barding Armor
27:39 Castle Age
27:17 Gold Mining
27:20 Stone Mining
30:43 Iron Casting
30:28 Chain Barding Armor
30:58 Husbandry
32:56 Bow Saw
34:23 Hand Cart
46:57 Gold Shaft Mining
48:55 Imperial Age
47:50 Ballistics
49:03 Cavalier
49:29 Light Cavalry
51:08 Plate Barding Armor
51:34 Blast Furnace
52:27 Paladin
56:45 Chemistry
DavidxGabriel
8:23 Loom
22:19 Feudal Age
24:50 Town Watch
24:53 Double-Bit Axe
27:35 Castle Age
26:51 Stone Mining
26:54 Gold Mining
28:39 Squires
28:54 Pikeman
33:04 Scale Mail Armor
33:52 Fletching
34:29 Ballistics
34:21 Fortified Wall
37:20 Murder Holes
39:30 Forging
39:37 Treadmill Crane
40:33 Town Patrol
46:02 Iron Casting
49:07 Gold Shaft Mining
48:44 Bow Saw
48:30 Bodkin Arrow
52:18 Imperial Age
52:31 Chieftains
53:39 Siege Engineers
53:21 Arrowslits
55:32 Blast Furnace
54:35 Bracer
56:41 Blast Furnace
55:42 Padded Archer Armor
57:36 Heavy Scorpion
60:21 Chemistry
59:43 Onager
62:56 Elite Berserk
64:46 Capped Ram
68:27 Siege Ram
72:46 Chain Mail Armor
72:43 Elite Skirmisher
77:27 Masonry
77:19 Bogsveigar
77:40 Conscription
77:49 Arson
77:49 Gambesons
Eel Eye
25:27 Feudal Age
26:50 Wheelbarrow
26:01 Loom
41:21 Town Watch
God Ganesh
9:12 Loom
18:58 Feudal Age
20:03 Horse Collar
26:02 Castle Age
25:35 Gold Mining
27:05 Heavy Plow
27:27 Double-Bit Axe
29:04 Bow Saw
33:08 Imperial Age
33:13 Gold Shaft Mining
33:30 Wheelbarrow
33:14 Town Watch
35:19 Hand Cart
35:50 Double Crossbow
37:11 Heavy Scorpion
39:33 Chemistry
40:06 Heated Shot
40:22 Siege Engineers
40:45 Caravan
43:58 Fletching
60:04 Bodkin Arrow
63:02 Bracer
63:04 Padded Archer Armor
DUIS12
16:10 Loom
16:49 Loom
19:28 Feudal Age
24:28 Castle Age
26:59 Horse Collar
27:40 Stone Mining
38:13 Town Watch
39:05 Wheelbarrow
38:36 Caravan
39:05 Silk Road
40:22 Fletching
40:33 Padded Archer Armor
42:26 Hand Cart
45:10 Ballistics
44:34 Treadmill Crane
45:04 Fortified Wall
45:06 Masonry
44:53 Murder Holes
44:59 Bodkin Arrow
45:20 Leather Archer Armor
45:41 Double-Bit Axe
49:14 Imperial Age
49:49 Forging
49:44 Scale Barding Armor
50:56 Chemistry
49:31 Light Cavalry
50:23 Bloodlines
50:14 Husbandry
50:20 Bracer
52:00 Chain Barding Armor
52:16 Iron Casting
51:09 Hussar
Formicador
8:06 Loom
19:54 Feudal Age
24:21 Fletching
24:43 Forging
28:45 Castle Age
29:44 Double-Bit Axe
30:25 Bodkin Arrow
33:44 Wheelbarrow
36:34 Bow Saw
37:07 Ballistics
37:31 Masonry
39:18 Thumb Ring
39:53 Pikeman
40:45 Squires
40:30 Arson
49:30 Hand Cart
51:58 Imperial Age
51:41 Bloodlines
51:31 Husbandry
50:52 Light Cavalry
52:30 Capped Ram
57:40 Marauders
58:08 Hussar
60:36 Cavalier
65:19 Paladin
DisorderWess
11:29 Loom
15:01 Feudal Age
15:29 Town Watch
16:06 Arson
18:16 Forging
18:07 Scale Mail Armor
25:20 Double-Bit Axe
34:51 Castle Age
33:19 Bloodlines
34:04 Scale Barding Armor
35:39 Fletching
35:49 Padded Archer Armor
36:05 Chain Mail Armor
36:58 Town Patrol
37:41 Husbandry
39:03 Squires
38:52 Gambesons
41:00 Gold Mining
40:56 Horse Collar
41:52 Heavy Plow
43:29 Iron Casting
43:53 Chain Barding Armor
49:58 Imperial Age
48:04 Wheelbarrow
51:20 Hoardings
51:26 Gold Shaft Mining
50:43 Stone Mining
52:38 Bodkin Arrow
54:15 Conscription
54:58 Cavalier
55:01 Light Cavalry
55:30 Light Cavalry
57:21 Plate Barding Armor
57:49 Blast Furnace
57:21 Plate Mail Armor
58:34 Hand Cart
59:16 Hauberk
59:33 Conscription
64:53 Pikeman
65:14 Cavalier
65:23 Halberdier
68:26 Bow Saw
72:44 Plate Barding Armor
chayane
12:09 Loom
15:05 Feudal Age
20:21 Wheelbarrow
19:36 Double-Bit Axe
21:05 Horse Collar
23:56 Castle Age
22:35 Forging
26:10 Husbandry
26:41 Scale Barding Armor
31:14 Bloodlines
33:44 Hand Cart
34:12 Bow Saw
36:16 Iron Casting
38:14 Chain Barding Armor
40:51 Fletching
41:07 Scale Mail Armor
42:53 Treadmill Crane
44:36 Town Watch
46:29 Chain Mail Armor
46:18 Tigui
46:56 Arson
47:13 Fletching
51:05 Pikeman
54:33 Imperial Age
53:50 Masonry
57:17 Chemistry
55:54 Light Cavalry
57:31 Ballistics
57:55 Heavy Plow
61:05 Conscription
62:16 Plate Barding Armor
61:46 Farimba
66:52 Plate Mail Armor
Connection lost

Rejoining the realm…

Still unreachable

The connection could not be restored.

Session expired

The server has moved on; the page needs a fresh start.